 Seeded DCSS version 0.29-a0-541-gaf1fc19f1b (webtiles) character file.

Game seed: 5998305543906830551 (custom seed)

6 swifteh the Skirmisher (level 1, -1/18 HPs)
             Began as a Demonspawn Chaos Knight on June 2, 2022.
             Was a Plaything of Xom.
             Slain by a hobgoblin (4 damage)
             ... on level 1 of the Dungeon.
             The game lasted 00:00:53 (179 turns).

swifteh the Skirmisher (Demonspawn Chaos Knight)     Turns: 179, Time: 00:00:54

Health: -1/18      AC:  5    Str: 12    XL:     1   Next: 75%
Magic:  1/1        EV: 11    Int: 13    God:    Xom [..*...]
Gold:   12         SH:  0    Dex: 12    Spells: 0/0 levels left

rFire   . . .      SeeInvis .   a - +0 falchion (chaos)
rCold   . . .      Faith    .   (no shield)
rNeg    . . .      Spirit   .   b - +2 leather armour
rPois   .          Reflect  .   (no helmet)
rElec   .          Harm     .   (no cloak)
rCorr   .          Rampage  .   (no gloves)
Will    .....                   (no boots)
Stlth   +.........              (no amulet)
HPRegen 0.06/turn               (no ring)
MPRegen 0.07/turn               (no ring)

@: no status effects
A: no striking features
a: Renounce Religion


You were on level 1 of the Dungeon.
You worshipped Xom.
You were a toy of Xom.
You visited 1 branch of the dungeon, and saw 1 of its levels.

You collected 12 gold pieces.

Inventory:

Hand Weapons
 a - a +0 falchion of chaos (weapon)
Armour
 b - a +2 leather armour (worn)
Scrolls
 d - a scroll of blinking {unknown}
 e - a scroll of enchant armour {unknown}
Miscellaneous
 c - a piece from Xom's chessboard (15/15) (quivered)


   Skills:
 + Level 3.1 Fighting
 + Level 3.0 Long Blades
 + Level 1.8 Armour
 + Level 0.8 Dodging


You couldn't memorise any spells.
You didn't know any spells.
Your spell library was empty.

Dungeon Overview and Level Annotations

Branches:
Dungeon (1/15)

Altars:


Message History

The hobgoblin closely misses you.
You hit the jackal.
The jackal goes berserk!
The jackal is severely wounded.
The jackal bites you. x2; The jackal barely misses you.
The jackal bites you but does no damage.
The jackal barely misses you.
The hobgoblin hits you but does no damage.
You closely miss the jackal.
The jackal is severely wounded.
The jackal barely misses you. The jackal misses you.
The jackal closely misses you. The jackal bites you.
The jackal bites you but does no damage.
The hobgoblin barely misses you.
You closely miss the jackal.
The jackal is severely wounded.
The jackal bites you. The jackal barely misses you. The jackal bites you.
The jackal bites you but does no damage.
The jackal bites you.
* * * LOW HITPOINT WARNING * * *
The hobgoblin hits you but does no damage.
The jackal bites you but does no damage.
The jackal barely misses you.
You hit the jackal.
You kill the jackal!
The jackal barely misses you. The hobgoblin closely misses you.
The jackal closely misses you.
The jackal bites you but does no damage.
Your Long Blades skill increases to level 3!
You closely miss the jackal.
The jackal is severely wounded.
The jackal bites you.
* * * LOW HITPOINT WARNING * * *
The jackal closely misses you. x2; The hobgoblin closely misses you.
The jackal barely misses you.
Okay, then.
You hit the jackal. You burn the jackal.
You kill the jackal!
The hobgoblin hits you.
You die... "It was about time."

#.................
#...8..∩.._.....∩.....
..............!...?..
#........?..........
#.♣..∩..∩..8..∩.....
#####.............).....
......................>.
####..8..∩.....∩†h∩.....
#.)).........@.......
#.............g.#####
####.)∩..♣..∩.....8#
...##...############
.....#### ...#.# ...#.#
...#.# ...#.#


You could see a jackal and a hobgoblin.

Vanquished Creatures
  A goblin (D:1)
  2 jackals (D:1)
  2 kobolds (D:1)
  A ball python (D:1)
6 creatures vanquished.

Notes
Turn   | Place    | Note
-------+----------+-------------------------------------------
     0 | D:1      | swifteh the Demonspawn Chaos Knight began the quest for the
                  | Orb.
     0 | D:1      | Reached XP level 1. HP: 18/18 MP: 1/1
   151 | D:1      | Found a faded altar of an unknown god.
   179 | D:1      | Slain by a hobgoblin

Illustrated notes

Levels and vault maps discovered:
D:1:      nzn_arrival_crosshair, layout_basic,
          hellmonk_ecumenical_altar_arch_garden

Skill      XL: |  1 |
---------------+----+-----
Long Blades    | 3 |  3.0
Fighting       | |  3.1
Armour         | |  1.8
Dodging        | |  0.8

Action                   || total
-------------------------++-------
Melee: Falchion          ||    19
Armor: Leather armour    ||    19
Dodge: Dodged            ||    23

Table legend: (Time is in decaauts)
 A = Elapsed time spent in this place.
 B = Non-inter-level travel time spent in this place.
 C = Inter-level travel time spent in this place.
 D = Time resting spent in this place.
 E = Time spent auto-exploring this place.
 F = Levels seen in this place.
 G = Mean time per level.
                   A        B        C        D        E       F      G
               +--------+--------+--------+--------+--------+-----+--------+
         Total |    181 |    181 |      0 |     33 |     95 |   1 |  181.0 |
       Dungeon |    181 |    181 |      0 |     33 |     95 |   1 |  181.0 |
               +--------+--------+--------+--------+--------+-----+--------+

Top non-repeatable levels by time:
     D:1: 181 daAuts
